cohdb
Replays
Latest Replays
All Replays
Popular Replays
Top Player Replays
Match Explorer
How It Works
Community
CoH3 Stats
Reddit
Sign in to upload your games and track your stats! →
Sign in with Steam
Match 45267721
Unlisted
Match 45267721
Overview
Messages
Build Orders
End
Royal Engineer Section
Construct Section Command Post
Infantry Section
Infantry Section
Infantry Section
Construct Platoon Command Post
6-pounder Anti-tank Gun Team
Selects Air and Sea Battlegroup
Selects Supply Surplus
Construct Resource Cache
Construct Field Infirmary
Selects Commando Section Paradrop
Commando Section Paradrop
Construct Company Command Post
Selects Commando Support Section Paradrop
Commando Support Section Paradrop
Crusader II Medium Tank
Commando Section Paradrop
Selects Anti-tank Rocket Loiter
Crusader II Medium Tank
Stormless
Grunka Lunka
Swan
Xufe
0
0
Comments
sign in to comment!
No comments posted yet!